AoeStats
← Joselu9710

Arabian Desert

510198555Analyzed
1v1 RM · 17h ago on Sep 29, 2026· 35m 44s· 2 players
Game mode
Random Map
Map size
Tiny (2 player)
Population
200
Speed
Normal
Resources
Standard
Victory
Conquest
Starting age
Dark Age
Ending age
Imperial Age
RankedLock teamsTeams togetherTeam positionsShared explorationLock speedFull tech treeHidden civsTurbo modeCheats
Victory
Defeat
🇦🇷 Franks · Argentina
1945
+19
🇪🇸 Burgundians · Spain
2006
-19
El_Ti_Rex
8:26 Feudal Age
7:40 Loom
9:00 Double-Bit Axe
17:16 Forging
19:06 Scale Barding Armor
22:15 Wheelbarrow
Joselu9710
4:22 Double-Bit Axe
6:43 Loom
9:21 Feudal Age
9:05 Horse Collar
10:25 Bow Saw
21:46 Fletching
22:09 Forging
22:22 Scale Mail Armor
22:30 Scale Barding Armor
Connection lost

Rejoining the realm…

Still unreachable

The connection could not be restored.

Session expired

The server has moved on; the page needs a fresh start.